 Dungeon Crawl Stone Soup version 0.18-a0-1396-g8753ca6 (webtiles) character file.

1299 Kidiri the Conjurer (level 8, -5/41 HPs)
             Began as a Deep Elf Conjurer on Feb 23, 2016.
             Was a Follower of Vehumet.
             Slain by a troll (13 damage)
             ... on level 6 of the Dungeon.
             The game lasted 00:19:05 (8398 turns).

Kidiri the Conjurer (Deep Elf Conjurer)             Turns: 8398, Time: 00:19:05

Health: -5/41      AC:  4    Str:  8    XL:     8   Next: 31%
Magic:  20/20      EV: 15    Int: 23    God:    Vehumet [*.....]
Gold:   209        SH:  0    Dex: 15    Spells: 7 memorised, 1 level left

rFire  . . .     SeeInvis .     (no weapon)
rCold  . . .     Gourm    .     a - +0 robe
rNeg   . . .     Faith    .     (no shield)
rPois  .         Spirit   .     (no helmet)
rElec  .         Dismiss  .     (no cloak)
rCorr  .         Reflect  .     w - +0 pair of gloves
SustAt .         Harm     .     u - +0 pair of boots
MR     .....                    (no amulet)
Stlth  +++.......               (no ring)
                                d - +3 ring of strength

@: not resistant to hostile enchantments, fairly stealthy
A: no striking features
a: Renounce Religion


You were on level 6 of the Dungeon.
You worshipped Vehumet.
Vehumet was aware of your devotion.
You were hungry.

You visited 2 branches of the dungeon, and saw 7 of its levels.
You also visited: Sewer.

You collected 360 gold pieces.
You spent 151 gold pieces at shops.

Inventory:

Armour
 a - a +0 robe (worn)
 u - a +0 pair of boots (worn)
 w - a +0 pair of gloves (worn)
Jewellery
 d - a +3 ring of strength (left hand)
Wands
 g - a wand of polymorph (15/24)
 s - a wand of iceblast (2/15)
Scrolls
 f - 3 scrolls of noise
 i - 2 scrolls of remove curse
 j - 5 scrolls of teleportation {unknown}
 k - 2 scrolls of immolation {unknown}
 l - 2 scrolls of amnesia
 m - 3 scrolls of blinking {unknown}
 p - 2 scrolls of enchant weapon
 t - a scroll of fear
Potions
 e - 6 potions of curing
 h - a potion of ambrosia
 n - 3 potions of might
 o - 2 potions of cancellation
 r - 5 potions of flight
 v - a potion of agility
Books
 b - a book of Conjurations

   Spells                             Type                      Level
   a - Magic Dart                     Conjuration                  1
   b - Searing Ray                    Conjuration                  2
   c - Dazzling Spray                 Conjuration/Hexes            3
   d - Fulminant Prism                Conjuration/Hexes            4
   e - Iskenderun's Mystic Blast      Conjuration                  4
   f - Iskenderun's Battlesphere      Conjuration/Charms           5
Comestibles
 c - 4 bread rations


   Skills:
 + Level 5.0 Dodging
 + Level 5.4 Stealth
 * Level 7.3 Spellcasting
 * Level 7.6 Conjurations
 + Level 4.4 Hexes
 + Level 1.7 Charms
 + Level 0.0 Poison Magic


You had one spell level left.
You knew the following spells:

 Your Spells              Type           Power        Failure   Level  Hunger
a - Magic Dart            Conj           ####         1%          1    None
b - Searing Ray           Conj           #####.       1%          2    None
c - Dazzling Spray        Conj/Hex       #####...     1%          3    None
d - Iskenderun's Mystic   Conj           #####...     4%          4    ###....
e - Fulminant Prism       Conj/Hex       #####.....   10%         4    ###....
f - Iskenderun's Battles  Conj/Chrm      ####....     38%         5    #####..
g - Sting                 Conj/Pois      ####         1%          1    None


Dungeon Overview and Level Annotations

Branches:
Dungeon (6/15)             Temple (1/1) D:5

Altars:
Ashenzari
Cheibriados
Elyvilon
Gozag
Kikubaaqudgha
Makhleb
Nemelex Xobeh
Okawaru
Pakellas
Qazlal
Ru
Sif Muna
Trog
Vehumet
Xom
Yredelemnul
The Shining One

Shops:
D:3 }   D:4 !   D:6 [


Message History

The spray of energy hits the troll.
The troll is moderately wounded.
The troll bites you. The troll claws you!
* * * LOW HITPOINT WARNING * * *
The troll barely misses you.
Unknown command.
You are feeling hungry.
A giant cockroach comes into view.
Unknown command.
Unknown command.
The troll barely misses you. The troll misses you. The troll claws you.
There is a stone staircase leading down here.
Casting: Dazzling Spray
Confirm with . or Enter, or press ? or * to list all spells.
Okay, then.
Drink which item? (? for menu, Esc to quit)
You feel better. The troll bites you!
* * * LOW HITPOINT WARNING * * *
The troll claws you!
You die...

#..# ########.....##.#
##.# #...#.##># #.#
#...#.##.# #.#
#........## #.#
#..<..###.. #.#####
#####.### #.# #.....#
#.....#####.#
#####.######.####.......
#..@T....# #..###..
########## #..###..
#..#.... #.......
#....... #...)...
#.##..#. #.###.#.
#.......


You could see a troll.

Vanquished Creatures
  Menkaure (D:5)
  2 ice beasts
  An ogre (D:4)
  A centaur (D:5)
  A big kobold (Sewer)
  A giant frog (D:5)
  A hound (D:6)
  2 orc priests
  4 orc wizards
  2 giant frog skeletons
  Natasha (thrice) (D:2)
  2 iguanas
  3 worker ants (D:6)
  A hound skeleton (D:4)
  4 gnolls (D:2)
  9 adders
  2 river rats (Sewer)
  A shadow imp (D:5)
  An adder skeleton (D:4)
  A dart slug (D:1)
  A giant gecko (D:2)
  12 orcs
  9 bats
  6 giant cockroaches
  4 goblins
  5 hobgoblins
  10 jackals
  2 quokkas
  5 kobolds
  11 rats
  A withered plant (D:3)
109 creatures vanquished.

Vanquished Creatures (others)
  A jelly (D:6)
  3 fulminant prisms
4 creatures vanquished.

Grand Total: 113 creatures vanquished

Notes
Turn   | Place    | Note
--------------------------------------------------------------
     0 | D:1      | Kidiri the Deep Elf Conjurer began the quest for the Orb.
     0 | D:1      | Reached XP level 1. HP: 10/10 MP: 6/6
   583 | D:1      | Reached XP level 2. HP: 15/15 MP: 5/8
   587 | D:1      | Learned a level 2 spell: Searing Ray
   988 | D:2      | Found a white marble altar of Elyvilon.
  1009 | D:2      | Reached XP level 3. HP: 19/19 MP: 7/10
  1014 | D:2      | Learned a level 3 spell: Dazzling Spray
  1207 | D:2      | Noticed Natasha
  1367 | D:2      | Killed Natasha
  1464 | D:2      | Reached skill level 5 in Conjurations
  1464 | D:2      | Reached skill level 1 in Hexes
  1464 | D:2      | Reached XP level 4. HP: 20/24 MP: 6/11
  1470 | D:2      | Learned a level 4 spell: Iskenderun's Mystic Blast
  1512 | D:2      | Found a bloodstained altar of Trog.
  1910 | D:2      | Noticed Natasha
  1915 | D:2      | Killed Natasha
  2326 | D:2      | Noticed Natasha
  2328 | D:2      | Killed Natasha
  2328 | D:2      | Reached XP level 5. HP: 18/28 MP: 9/13
  3106 | D:3      | Found an oddly glowing altar of Pakellas.
  3106 | D:3      | Found Pakellas's Prime Provisions.
  3190 | D:3      | Found an ancient bone altar of Kikubaaqudgha.
  3488 | D:3      | You fall through a shaft for 2 floors!
  3488 | D:5      | Entered Level 5 of the Dungeon
  3488 | D:5      | Found a glowing drain.
  3498 | Sewer    | Entered a sewer
  3722 | Sewer    | Reached skill level 5 in Spellcasting
  3722 | Sewer    | Reached XP level 6. HP: 29/32 MP: 3/15
  3728 | Sewer    | Learned a level 4 spell: Fulminant Prism
  3863 | Sewer    | Found a glowing silver altar of Zin.
  4070 | D:5      | Noticed Menkaure
  4206 | D:5      | Killed Menkaure
  4479 | D:5      | Found a staircase to the Ecumenical Temple.
  4487 | Temple   | Entered the Ecumenical Temple
  4504 | Temple   | Became a worshipper of Vehumet
  4656 | D:5      | Reached XP level 7. HP: 36/36 MP: 12/17
  6023 | D:4      | Reached skill level 5 in Stealth
  6075 | D:4      | Learned a level 5 spell: Iskenderun's Battlesphere
  6379 | D:4      | Found Qazil's Distillery.
  6387 | D:4      | Bought a potion of curing for 42 gold pieces
  6387 | D:4      | Bought a potion of curing for 42 gold pieces
  7332 | D:6      | Reached XP level 8. HP: 41/41 MP: 10/20
  7683 | D:6      | Found a stormy altar of Qazlal.
  7723 | D:6      | Reached skill level 1 in Charms
  7765 | D:6      | Found Evampo's Armour Shop.
  7779 | D:6      | Bought a +0 pair of gloves for 67 gold pieces
  7842 | D:6      | Reached skill level 5 in Dodging
  8163 | D:6      | Reached * piety under Vehumet
  8163 | D:6      | Offered knowledge of Sting by Vehumet.
  8216 | D:6      | Learned a level 1 spell: Sting
  8333 | D:6      | Noticed a troll
  8398 | D:6      | Slain by a troll

Vault maps used:
D:1:      zaba_arrival_water
D:2:      lemuel_round_altar, elyvilon_altar_1, uniq_natasha
D:3:      kiku_gazebo_garden_becter, johnstein_pakellas_shop
D:4:      serial_shops, shop
D:5:      minmay_temple_entry_purple_smoke, portal_sewer_entry_b, first_bread,
          uniq_menkaure
D:6:      nicolae_qazlal_eye_of_the_storm, serial_shops, shop_fountains,
          minivault_5
Temple:   zaba_magenta_temple_12
Sewer:    sewer_kobolds

Skill      XL: |  1  2  3  4  5  6  7  8 |
---------------+-------------------------+-----
Stealth        | 3 4 5 |  5.4
Conjurations   | 5 6 7 |  7.6
Hexes          | 1 2 3 4 |  4.4
Spellcasting   | 4 5 6 7 |  7.3
Dodging        | 3 4 5 |  5.0
Charms         | 1 |  1.7

Action                   |  1- 3 |  4- 6 |  7- 9 || total
-------------------------+-------+-------+-------++-------
Melee: Unarmed           |       |     8 |     2 ||    10
 Cast: Magic Dart        |    49 |    88 |   128 ||   265
       Searing Ray       |     1 |     5 |     5 ||    11
       Iskenderun's Myst |       |     5 |       ||     5
       Dazzling Spray    |       |     6 |    20 ||    26
       Fulminant Prism   |       |     1 |     2 ||     3
       Sting             |       |       |     3 ||     3
  Use: Scroll            |       |       |    10 ||    10
       Potion            |       |       |     1 ||     1
 Stab: Invisible         |       |     1 |       ||     1
       Sleeping          |       |       |     1 ||     1
  Eat: Chunk             |     2 |     5 |     3 ||    10
       Royal jelly       |       |     1 |     1 ||     2
       Bread ration      |       |     1 |       ||     1
       Meat ration       |       |       |     1 ||     1
